 Dungeon Crawl Stone Soup version 0.29-a0-100-g60f898f876 (webtiles) character file.

Game seed: 9687459698432921732

378 lunkers the Spear-Bearer (level 6, -1/48 HPs)
             Began as a Merfolk Gladiator on Feb 14, 2022.
             Slain by a bullfrog (4 damage)
             ... on level 3 of the Dungeon.
             The game lasted 00:05:03 (3141 turns).

lunkers the Spear-Bearer (Merfolk Gladiator)        Turns: 3141, Time: 00:05:04

Health: -1/48      AC:  8    Str: 14    XL:     6   Next: 74%
Magic:  6/6        EV: 13    Int:  7    God:
Gold:   145        SH:  0    Dex: 18    Spells: 5/5 levels left

rFire   . . .      SeeInvis .   a - +0 trident
rCold   . . .      Faith    .   (no shield)
rNeg    . . .      Spirit   .   k - +0 ring mail
rPois   .          Reflect  .   c - +0 helmet
rElec   .          Harm     .   (no cloak)
rCorr   .          Rampage  .   j - +1 pair of gloves
Will    .....                   (no boots)
Stlth   +.........              (no amulet)
HPRegen 0.16/turn               (no ring)
MPRegen 0.10/turn               (no ring)

@: no status effects
A: (nimble swimmer 2), mertail
a: no special abilities


You were on level 3 of the Dungeon.
You visited 1 branch of the dungeon, and saw 4 of its levels.

You collected 145 gold pieces.

Inventory:

Hand Weapons
 a - a +0 trident (weapon)
Missiles
 d - 3 throwing nets
Armour
 b - a +0 leather armour
 c - a +0 helmet (worn)
 j - a +1 pair of gloves (worn)
 k - a +0 ring mail (worn)
Jewellery
 i - a ring of resist corrosion
 p - the ring of Ninebos {rPois rF+ rC- rN+++ Dex-4}
   (You found it on level 3 of the Dungeon)

   [ring of protection from fire]

   Dex:       It affects your dexterity (-4).
   rF:        It protects you from fire.
   rC:        It makes you vulnerable to cold.
   rPois:     It protects you from poison.
   rN:        It renders you almost immune to negative energy.
 q - an amulet of faith
Wands
 r - a wand of digging (2)
Scrolls
 e - 2 scrolls of magic mapping
 l - a scroll of holy word {unknown}
 n - 2 scrolls of enchant armour {unknown}
 s - 2 scrolls of teleportation {unknown}
Potions
 f - a potion of haste {unknown}
 g - 2 potions of mutation
 h - 3 potions of curing
 m - a potion of flight
 o - 2 potions of heal wounds {unknown}
 t - a potion of might {unknown}
 u - a potion of degeneration {unknown}


   Skills:
 + Level 4.1 Fighting
 * Level 8.1 Polearms
 - Level 2.0 Throwing
 + Level 5.9 Dodging


You had 5 spell levels left.
You didn't know any spells.
Your spell library contained the following spells:

 Spells                   Type           Power      Damage    Failure   Level
 Magic Dart               Conj           0%         1d3       67%         1
 Sandblast                Erth           0%         2d4       67%         1
 Call Imp                 Summ           0%         N/A       82%         2
 Passwall                 Tmut/Erth      0%         N/A       82%         2
 Scorch                   Fire           0%         2d5       82%         2
 Conjure Flame            Conj/Fire      0%         6-21      96%         3
 Ignite Poison            Fire/Tmut/Pois 0%         N/A       96%         3
 Mephitic Cloud           Conj/Pois/Air  0%         N/A       96%         3
 Stone Arrow              Conj/Erth      0%         3d7       96%         3
 Flame Wave               Conj/Fire      0%         2d4       100%        4
 Sticky Flame             Conj/Fire      0%         2d3       100%        4
 Summon Cactus Giant      Summ           0%         N/A       100%        6


Dungeon Overview and Level Annotations

Branches:
Dungeon (4/15)
 Temple: D:4-7

Altars:
Ashenzari
Nemelex Xobeh
Yredelemnul
Zin


Innate Abilities, Weirdness & Mutations

((You are very nimble when in or above water. (Stealth+, EV+, Speed+++)))
Your lower body shifts to a powerful aquatic tail in water.


Message History

* * * LOW HITPOINT WARNING * * *
The bullfrog hits you.
* * * LOW HITPOINT WARNING * * *
The bullfrog hits you but does no damage.
The bullfrog hits you but does no damage.
There is a stone staircase leading up here.
The bullfrog completely misses you.
You climb upwards.
There is a stone staircase leading down here.
Reach: a) +0 trident
Press: ? - help, Dir - move target, f - bullfrog
Aim: a bullfrog (heavily wounded, about 40% to evade your +0 trident)
You hit the bullfrog but do no damage.
The bullfrog is heavily wounded.
The bullfrog hits you.
* * * LOW HITPOINT WARNING * * *
Reach: a) +0 trident
Press: ? - help, Dir - move target, f/p - bullfrog
Aim: a bullfrog (heavily wounded, about 40% to evade your +0 trident)
You hit the bullfrog.
The bullfrog is heavily wounded.
The bullfrog hits you but does no damage. x2
Unknown command.
Reach: a) +0 trident
Press: ? - help, Dir - move target, f/p - bullfrog
Aim: a bullfrog (heavily wounded, about 40% to evade your +0 trident)
You closely miss the bullfrog.
The bullfrog is heavily wounded.
The bullfrog closely misses you.
Unknown command.
Reach: a) +0 trident
Press: ? - help, Dir - move target, f/p - bullfrog
Aim: a bullfrog (heavily wounded, about 40% to evade your +0 trident)
You closely miss the bullfrog.
The bullfrog is heavily wounded.
The bullfrog swells and bulges.
The bullfrog hits you.
* * * LOW HITPOINT WARNING * * *
The bullfrog hits you.
You die...

........#....#.......'...#.......
........#.._.#...8[..#####.......
#.#####.#....##.##.### ###.......
#.# ##.#.⌠.⌠####...# #.........
#+####..+#######....# #.........
....................# #.........
....................####.........
....................#......[.....
................@F..+............
........###.#.......#....).......
........# #.'.......'.......)....
........# #.#.......#............
)(......# #.#.......#............
'##....## #.#########............
.†##...# #.# #........>...
...#...# #.# #............
...#..## #.# #.........###


You could see a bullfrog.

Vanquished Creatures
  An ogre (D:4)
  2 vampire bats (D:4)
  A hound (D:4)
  Jessica (D:3)
  An iguana (D:3)
  2 adders
  2 worms
  4 dart slugs
  7 orcs
  4 endoplasms
  A giant cockroach (D:4)
  9 goblins
  6 hobgoblins
  8 jackals
  4 kobolds
  8 quokkas
  12 ball pythons
  12 bats
  5 frilled lizards
  4 rats
94 creatures vanquished.

Notes
Turn   | Place    | Note
-------+----------+-------------------------------------------
     0 | D:1      | lunkers the Merfolk Gladiator began the quest for the Orb.
     0 | D:1      | Reached XP level 1. HP: 16/16 MP: 1/1
   125 | D:1      | Reached XP level 2. HP: 9/23 MP: 2/2
   153 | D:1      | Reached skill level 5 in Polearms
   473 | D:1      | Reached XP level 3. HP: 27/28 MP: 3/3
   991 | D:2      | Found a broken altar of Ashenzari.
  1104 | D:2      | Reached XP level 4. HP: 34/34 MP: 4/4
  1283 | D:2      | Reached skill level 6 in Polearms
  1623 | D:2      | Found a faded altar of an unknown god.
  1771 | D:3      | Reached skill level 5 in Dodging
  1917 | D:3      | Found a sparkling altar of Nemelex Xobeh.
  1999 | D:3      | Reached XP level 5. HP: 39/41 MP: 5/5
  2024 | D:3      | Found a basalt altar of Yredelemnul.
  2078 | D:3      | Found a glowing silver altar of Zin.
  2130 | D:3      | Identified the ring of Ninebos {rPois rF+ rC- rN+++ Dex-4}
  2224 | D:3      | Noticed Jessica
  2232 | D:3      | Killed Jessica
  2582 | D:4      | Reached skill level 7 in Polearms
  2744 | D:4      | Noticed an ogre
  2754 | D:4      | Killed an ogre
  2755 | D:4      | Reached XP level 6. HP: 12/48 MP: 6/6
  3040 | D:4      | Reached skill level 8 in Polearms
  3141 | D:3      | Slain by a bullfrog

Illustrated notes

Levels and vault maps discovered:
D:1:      dpeg_arrival_rooms_a, layout_loops_ring, minmay_hexomino_p4
D:2:      layout_basic, dreamdust_ecumenical_altar_sealed_demon, basic_altar,
          minmay_misc_feat_cross
D:3:      layout_basic, jmf_multi_god_temple, mainiacjoe_overflow_alcove_4,
          kennysheep_jessica_study
D:4:      layout_rooms, amethyst_overflow_temple_binary, serial_shops, shop,
          nicolae_shop_behind_doors, roderic_batcave

Skill      XL: |  1  2  3  4  5  6 |
---------------+-------------------+-----
Polearms       | 5 6 7 8 |  8.1
Fighting       | 3 4 |  4.1
Dodging        | 5 |  5.9
Throwing       | |  2.0

Action                   |  1- 3 |  4- 6 || total
-------------------------+-------+-------++-------
Melee: Trident           |   105 |   200 ||   305
       Punch             |     1 |     1 ||     2
  Use: Scroll            |       |     4 ||     4
Armor: Leather armour    |    12 |       ||    12
       Ring mail         |    12 |    63 ||    75
Dodge: Dodged            |    56 |   112 ||   168

Table legend: (Time is in decaauts)
 A = Elapsed time spent in this place.
 B = Non-inter-level travel time spent in this place.
 C = Inter-level travel time spent in this place.
 D = Time resting spent in this place.
 E = Time spent auto-exploring this place.
 F = Levels seen in this place.
 G = Mean time per level.
                   A        B        C        D        E       F      G
               +--------+--------+--------+--------+--------+-----+--------+
         Total |   3136 |   3073 |     63 |     39 |   2420 |   4 |  784.0 |
       Dungeon |   3136 |   3073 |     63 |     39 |   2420 |   4 |  784.0 |
               +--------+--------+--------+--------+--------+-----+--------+

Top non-repeatable levels by time:
     D:1: 961 daAuts
     D:3: 858 daAuts
     D:2: 735 daAuts
     D:4: 581 daAuts
